 Dungeon Crawl Stone Soup version 0.20.1-1-g8b1a95d (webtiles) character file.

238 Mesmaeker13 the Charmwright (level 5, 0/41 HPs)
             Began as a Draconian Skald on Aug 25, 2017.
             Was an Initiate of Ashenzari.
             Killed by nerve-wracking pain
             ... invoked by a shadow imp
              (7 damage)
             ... on level 5 of the Dungeon.
             The game lasted 00:12:22 (4592 turns).

Mesmaeker13 the Charmwright (Draconian Skald)       Turns: 4592, Time: 00:12:23

Health: 0/41       AC:  5    Str: 13    XL:     5   Next: 78%
Magic:  1/8        EV: 18    Int: 14    God:    Ashenzari [......]
Gold:   185        SH:  0    Dex: 11    Spells: 0/8 levels left

rFire    . . .     SeeInvis +   a - +0 falchion
rCold    . . .     Gourm    +   (no shield)
rNeg     . . .     Faith    .   (armour unavailable)
rPois    .         Spirit   .   (helmet restricted)
rElec    .         Reflect  .   (no cloak)
rCorr    .         Harm     .   (no gloves)
MR       .....                  (no boots)
Stlth    +.........             m - amulet of the gourmand
Regen    0.2/turn               G - ring of see invisible
MPRegen  0.2/turn               q - +5 ring of evasion (curse)

@: very slightly contaminated
A: unfitting armour, cold-blooded, AC +5
a: Curse Item, Renounce Religion


You were on level 5 of the Dungeon.
You worshipped Ashenzari.
Ashenzari was noncommittal.
You were very full.

You visited 2 branches of the dungeon, and saw 6 of its levels.

You collected 185 gold pieces.

Inventory:

Hand Weapons
 a - a +0 falchion (weapon)
 y - a +3 hunting sling
 F - a +0 great sword
 H - a +0 blowgun
Missiles
 j - 16 tomahawks
 n - 8 javelins (quivered)
 I - 15 poisoned needles
Jewellery
 d - an uncursed ring of ice
 m - an amulet of the gourmand (around neck)
 q - a cursed +5 ring of evasion (right hand)
 G - a ring of see invisible (left hand)
Wands
 l - a wand of polymorph (12/24)
Scrolls
 g - 2 scrolls of remove curse
 r - a scroll of blinking {unknown}
 s - a scroll of noise {unknown}
 t - 2 scrolls of teleportation {unknown}
 u - 3 scrolls of immolation
 v - a scroll of recharging {unknown}
 A - a scroll of random uselessness {unknown}
 J - a scroll of enchant weapon {unknown}
Potions
 e - a potion of brilliance
 f - a potion of heal wounds {unknown}
 h - a potion of might
 k - 4 potions of mutation {unknown}
 w - a potion of lignification {unknown}
 x - a potion of haste {unknown}
 B - 2 potions of agility {unknown}
 D - a potion of invisibility {unknown}
 E - a potion of flight {unknown}
Books
 b - a book of Battle

   Spells                             Type                      Level
   a - Infusion                       Charms                       1
   b - Shroud of Golubria             Charms/Translocation         2
   c - Song of Slaying                Charms                       2
   d - Spectral Weapon                Hexes/Charms                 3
   e - Regeneration                   Charms/Necromancy            3
Comestibles
 c - 3 bread rations
 i - a fruit
 o - 4 royal jellies
 p - 6 meat rations


   Skills:
 - Level 2.1 Fighting
 + Level 3.5 Long Blades
 + Level 3.8 Dodging
 - Level 2.0 Spellcasting
 + Level 4.0 Charms
 + Level 0.8 Translocations


You couldn't memorise any spells.
You knew the following spells:

 Your Spells              Type           Power        Failure   Level  Hunger
a - Infusion              Chrm           ##..         4%          1    ##.....
b - Shroud of Golubria    Chrm/Tloc      #.........   13%         2    ###....
c - Song of Slaying       Chrm           ##......     7%          2    ###....
d - Regeneration          Chrm/Necr      #.........   30%         3    ####...


Dungeon Overview and Level Annotations

Branches:
Dungeon (5/15)             Temple (1/1) D:4

Altars:
Ashenzari
Cheibriados
Elyvilon
Fedhas
Gozag
Hepliaklqana
Makhleb
Nemelex Xobeh
Okawaru
Qazlal
Ru
Sif Muna
Trog
Uskayaw
Vehumet
Xom


Innate Abilities, Weirdness & Mutations

Your plain brown scales are hard. (AC +5)
You cannot fit into any form of body armour.
You are cold-blooded and may be slowed by cold attacks.


Message History

Unknown command.
Okay, then.
You are no longer magically infusing your attacks.
A shadow imp comes into view.
The shadow imp shouts, "Scamper hence, thou grime-gilt sow-suckled tiddler!"
You hear a distant blaring wail to the east.
Casting: Regeneration
Confirm with . or Enter, or press ? or * to list all spells.
You miscast Regeneration.
Your bones ache.
Casting: Regeneration
Confirm with . or Enter, or press ? or * to list all spells.
Okay, then.
Unknown command.
A gnoll comes into view. It is wielding a whip.
The gnoll shouts!
A gnoll shaman comes into view. It is wielding a club.
The gnoll shaman shouts!
The shadow imp gestures at you. Pain shoots through your body!
You die...

### ..#
#.# #.#
#.# #.#
###.#
###.#..@#
g...g...#
.####.#.#
#.#.#
#.#5# ..
#.#.# ..
#.#.# ..
#...# #.
#..##


You could see a gnoll shaman, a gnoll and a shadow imp.

Vanquished Creatures
  An iguana (D:5)
  An orc wizard (D:2)
  The ghost of dscm the Digger, a weakling GrEE (D:4)
  8 adders
  3 worms (D:2)
  A dart slug (D:1)
  A leopard gecko (D:4)
  16 orcs
  7 bats
  2 giant cockroaches
  8 hobgoblins
  9 jackals
  2 quokkas (D:2)
  3 ball pythons
  2 frilled lizards (D:2)
  2 goblins (D:2)
  5 kobolds
  A leopard gecko skeleton (D:4)
  A quokka zombie (D:3)
  6 rats
80 creatures vanquished.

Notes
Turn   | Place    | Note
-------+----------+-------------------------------------------
     0 | D:1      | Mesmaeker13 the Draconian Skald began the quest for the Orb.
     0 | D:1      | Reached XP level 1. HP: 17/17 MP: 3/3
   376 | D:1      | Reached XP level 2. HP: 22/24 MP: 1/5
  1082 | D:1      | Reached skill level 3 in Charms
  1265 | D:2      | Learned a level 2 spell: Shroud of Golubria
  1475 | D:2      | Reached XP level 3. HP: 29/29 MP: 0/6
  2319 | D:2      | Learned a level 2 spell: Song of Slaying
  2398 | D:2      | Reached XP level 4. HP: 32/36 MP: 1/7
  3508 | D:3      | Reached XP level 5. HP: 41/41 MP: 8/8
  3763 | D:4      | Noticed dscm's ghost (weakling GrEE)
  3799 | D:4      | Killed dscm's ghost
  4316 | D:4      | Found a staircase to the Ecumenical Temple.
  4318 | D:4      | Found a faded altar of an unknown god.
  4336 | Temple   | Entered the Ecumenical Temple
  4480 | Temple   | Became a worshipper of Ashenzari the Shackled
  4552 | D:5      | Entered Level 5 of the Dungeon
  4568 | D:5      | Reached skill level 4 in Charms
  4574 | D:5      | Learned a level 3 spell: Regeneration
  4592 | D:5      | Killed from afar by a shadow imp

Skill      XL: |  1  2  3  4  5 |
---------------+----------------+-----
Charms         | 3 4 |  4.0
Dodging        | 3 |  3.8
Long Blades    | 3 |  3.5
Fighting       | |  2.1
Spellcasting   | |  2.0
Translocations | |  0.8

Action                   |  1- 3 |  4- 6 || total
-------------------------+-------+-------++-------
Melee: Falchion          |   103 |   151 ||   254
       Tailslap          |    13 |    27 ||    40
Throw: Tomahawk          |       |     3 ||     3
       Javelin           |       |     2 ||     2
 Cast: Infusion          |    14 |    12 ||    26
       Shroud of Golubri |     3 |     5 ||     8
Invok: Curse Item        |       |     1 ||     1
  Use: Scroll            |     4 |     4 ||     8
 Stab: Sleeping          |       |     1 ||     1
  Eat: Chunk             |    14 |     8 ||    22
Armor: Skin              |    26 |    24 ||    50
Dodge: Dodged            |    99 |   155 ||   254
       Rpst.: Falchion   |    20 |    49 ||    69
